 Dungeon Crawl Stone Soup version 0.31-a0-360-gb3e1d13bf4 (webtiles) character file.

Game seed: 16098094173194586944

1138 randomguy2701 the Cleaver (level 8, 0/70 HPs)
             Began as a Minotaur Fighter on July 27, 2023.
             Slain by a hound (2 damage)
             ... on level 7 of the Dungeon.
             The game lasted 00:06:04 (3549 turns).

randomguy2701 the Cleaver (Minotaur Fighter)        Turns: 3549, Time: 00:06:05

Health: 0/70       AC:  7    Str: 20    XL:     8   Next: 14%
Magic:  7/7        EV: 10    Int:  5    God:
Gold:   161        SH:  5    Dex: 13    Spells: 7/7 levels left

rFire   . . .        a - +0 war axe
rCold   . . .        c - +0 buckler
rNeg    . . .        b - +0 scale mail
rPois   .            (helmet restricted)
rElec   .            (no cloak)
rCorr   .            (no gloves)
SInv    .            (no boots)
Will    .....        (no amulet) Stlth
                     (no ring)
HPRegen 0.31/turn    (no ring)
MPRegen 0.10/turn

%: no passive effects
@: no status effects
A: horns 2, retaliatory headbutt
a: no special abilities


You were on level 7 of the Dungeon.
You visited 1 branch of the dungeon, and saw 7 of its levels.

You collected 161 gold pieces.

Inventory:

Hand Weapons
 a - a +0 war axe (weapon)
Armour
 b - a +0 scale mail (worn)
 c - a +0 buckler (worn)
Jewellery
 f - a ring of resist corrosion
Wands
 n - a wand of flame (15)
 r - a wand of digging (2)
Scrolls
 i - 4 scrolls of identify {unknown}
 j - a scroll of enchant weapon {unknown}
 k - a scroll of enchant armour {unknown}
 l - a scroll of immolation {unknown}
 o - 2 scrolls of blinking {unknown}
 p - a scroll of brand weapon {unknown}
 s - a scroll of vulnerability {unknown}
Potions
 d - 3 potions of might
 e - 2 potions of cancellation {unknown}
 g - a potion of brilliance {unknown}
 h - 2 potions of attraction {unknown}
 m - a potion of resistance {unknown}
 q - a potion of curing {unknown}
 t - a potion of mutation {unknown}


   Skills:
 + Level 6.0 Fighting
 + Level 8.1 Axes
 + Level 5.8 Armour
 + Level 2.4 Dodging
 + Level 0.8 Stealth
 + Level 5.5 Shields


You had 7 spell levels left.
You didn't know any spells.
Your spell library contained the following spells:

 Spells                   Type           Power      Damage    Failure   Level
 Magic Dart               Conj           0%         1d3       86%         1
 Searing Ray              Conj           0%         2d4       95%         2
 Portal Projectile        Hex/Tloc       0%         N/A       99%         3
 Tukima's Dance           Hex            0%         N/A       99%         3
 Fulminant Prism          Conj/Hex       0%         3d5       100%        4
 Iskenderun's Mystic Bla  Conj/Tloc      0%         2d3       100%        4


Dungeon Overview and Level Annotations

Branches:
Dungeon (7/15)
 Temple: D:4-7

Altars:
Dithmenos
Kikubaaqudgha
Makhleb
Okawaru
Trog
Uskayaw
Vehumet
Yredelemnul
Zin
The Shining One

Shops:
D:4 [   D:5 :

Portals:
Sewer: D:6


Innate Abilities, Weirdness & Mutations

You have a pair of horns on your head.
You reflexively headbutt those who attack you in melee.


Message History

You hear an angry hiss.
You hear a shout! x3; You hear a bark!
You hear a shout! x5; You hear a howl!
You hear a shout! x2; You hear a bark!
You hear an angry hiss.
You hit the phantom but do no damage. Your headbutt misses the phantom.
The phantom hits you.
* * * LOW HITPOINT WARNING * * *
The phantom blinks!
You blink.
The gnoll hits you but does no damage.
You hit the phantom. Your headbutt misses the phantom.
The phantom is lightly damaged.
The gnoll hits you but does no damage. The phantom hits you.
* * * LOW HITPOINT WARNING * * *
The phantom blinks!
You blink.
A howler monkey, an orc, a hound and a steam dragon come into view.
You closely miss the phantom. Your headbutt misses the phantom.
The phantom is lightly damaged.
The phantom barely misses you.
The howler monkey hoots and howls with incredible vigour!
You hear a shout! x3; You hear an angry buzzing noise.
You hear a shout!
You hit the phantom but do no damage. Your headbutt misses the phantom.
The phantom is lightly damaged.
You hit the hound. You block the hound's attack. The phantom hits you.
* * * LOW HITPOINT WARNING * * *
The phantom blinks!
You blink.
The steam dragon breathes steam at you. The ball of steam hits you!
* * * LOW HITPOINT WARNING * * *
You hear a croak.
The hound closely misses you.
The steam dragon attacks as you move away!
The steam dragon closely misses you. The steam dragon completely misses you.
The hound closely misses you. You furiously retaliate!
You headbutt the hound. The hound closely misses you. You furiously retaliate!
You headbutt the hound.
A bullfrog comes into view.
You block the hound's attack. The hound closely misses you.
You furiously retaliate!
You headbutt the hound.
Unknown command.
The phantom attacks as you move away! The phantom hits you.
* * * LOW HITPOINT WARNING * * *
The hound attacks as you move away! The hound bites you.
You die...

≈≈≈≈≈≈≈≈≈≈≈≈≈~....~~≈≈
~~≈≈~~~≈~~~~~~....~~~~~≈
........................
.......g..g.......o...#
.......h##............##
................o##.....##
...).h...............#...#
...<...........hhh§§......
.#..#.....<.....@W.§......
####.....F.....#D§##.....
...........##### ###
....###.# ##.. ..# ...
.... .# ##


You could see a steam dragon, a phantom, a bullfrog, a howler monkey (catching
breath), 2 hounds, a gnoll and an orc.

Vanquished Creatures
  A water moccasin (D:6)
  An ice beast (D:5)
  A black bear (D:4)
  A centaur (D:6)
  2 scorpions
  A howler monkey (D:5)
  2 hounds
  A jelly (D:6)
  An orc priest (D:5)
  A gnoll bouda (D:5)
  2 iguanas (D:5)
  4 sleepcaps
  2 orc wizards (D:4)
  8 gnolls
  7 adders
  A white imp (D:5)
  2 ufetubi
  A worm (D:3)
  A dart slug (D:4)
  17 orcs
  2 ball pythons
  8 endoplasms
  3 giant cockroaches
  9 hobgoblins
  2 jackals (D:4)
  2 quokkas (D:1)
  3 bats
  4 frilled lizards
  5 goblins
  5 kobolds
  5 rats
105 creatures vanquished.

Notes
Turn   | Place    | Note
-------+----------+-------------------------------------------
     0 | D:1      | randomguy2701 the Minotaur Fighter began the quest for the
                  | Orb.
     0 | D:1      | Reached XP level 1. HP: 19/19 MP: 0/0
    25 | D:1      | Reached XP level 2. HP: 24/27 MP: 1/1
   295 | D:1      | Reached XP level 3. HP: 33/33 MP: 2/2
   476 | D:2      | You fall into a shaft and drop 1 floor!
   580 | D:3      | Identified the +1 whip "Muhoos" {drain, rPois rF+}
   584 | D:3      | Found a faded altar of an unknown god.
   593 | D:3      | Reached skill level 3 in Axes
   631 | D:3      | Found a basalt altar of Yredelemnul.
   992 | D:3      | Reached XP level 4. HP: 39/40 MP: 3/3
   994 | D:3      | Reached skill level 4 in Axes
  1002 | D:3      | Identified the +2 hat "Bobris" {rC- Int+5}
  1202 | D:4      | Reached XP level 5. HP: 16/47 MP: 4/4
  1202 | D:5      | Entered Level 5 of the Dungeon
  1370 | D:4      | Found an iron altar of Okawaru.
  1414 | D:4      | Found a glowing silver altar of Zin.
  1418 | D:4      | Noticed a black bear
  1427 | D:4      | Reached skill level 5 in Axes
  1440 | D:4      | Killed a black bear
  1441 | D:4      | Reached skill level 1 in Dodging
  1441 | D:4      | Reached XP level 6. HP: 18/53 MP: 5/5
  1668 | D:4      | Found a glowing golden altar of the Shining One.
  1668 | D:4      | Found a bloodstained altar of Trog.
  1668 | D:4      | Found an ancient bone altar of Kikubaaqudgha.
  1830 | D:4      | Reached skill level 5 in Armour
  1891 | D:4      | Found a radiant altar of Vehumet.
  2179 | D:4      | Found a shadowy altar of Dithmenos.
  2192 | D:4      | Reached skill level 5 in Shields
  2196 | D:4      | Reached skill level 5 in Fighting
  2196 | D:4      | Found a burning altar of Makhleb.
  2231 | D:4      | Found Xihooq's Antique Armour Boutique.
  2548 | D:5      | Reached skill level 6 in Axes
  2548 | D:5      | Reached XP level 7. HP: 52/61 MP: 6/6
  2877 | D:5      | Reached skill level 7 in Axes
  3001 | D:5      | Found Fueziy's Book Shop.
  3102 | D:5      | Noticed a +0 short sword
  3102 | D:5      | Noticed a +0 dagger
  3102 | D:5      | Noticed a +0 falchion
  3103 | D:5      | Noticed a +0 spear
  3103 | D:5      | Noticed a +0 short sword
  3103 | D:5      | Noticed a +0 spear
  3103 | D:5      | Noticed a +0 falchion
  3104 | D:5      | Noticed a +0 dagger
  3253 | D:5      | Found a hide-covered altar of Uskayaw.
  3473 | D:6      | Reached XP level 8. HP: 63/70 MP: 7/7
  3495 | D:6      | Found a glowing drain.
  3533 | D:6      | Reached skill level 8 in Axes
  3546 | D:7      | HP: 2/70 [steam dragon/ball of steam (15)]
  3549 | D:7      | Slain by a hound

Illustrated notes

Levels and vault maps discovered:
D:1:      evilmike_arrival_rings, layout_rooms
D:2:      layout_loops_ring
D:3:      layout_loops_ring, lemuel_crystal_altar,
          ebering_ecumenical_altar_sacrificial, hellmonk_no_cap
D:4:      layout_basic, mainiacjoe_overflow_boulevard,
          mainiacjoe_overflow_24_doors, grunt_dithmenos_smoke,
          makhleb_heckhound_becter, old_standard_altar,
          gammafunk_temple_overflow_claw, serial_shops, nicolae_lakefront_shop
D:5:      layout_rooms, nicolae_uskayaw_en_pointe, serial_shops, shop,
          minmay_misc_feat_chi, patterned_corridor
D:6:      layout_basic, cheibrodos_sewer_entry_drain
D:7:      lemuel_castle_with_subvaults [lemuel_castle_interior_carwin_3],
          layout_cave_pools, lemuel_round_altar, temple_doors_e,
          nicolae_nh_oracle_at_delphi

Skill      XL: |  1  2  3  4  5  6  7  8 |
---------------+-------------------------+-----
Fighting       | 4 5 6 |  6.0
Shields        | 4 5 |  5.5
Armour         | 4 5 |  5.8
Axes           | 3 4 5 6 7 8 |  8.1
Dodging        | 1 2 |  2.4
Stealth        | |  0.8

Action                     |  1- 3 |  4- 6 |  7- 9 || total
---------------------------+-------+-------+-------++-------
  Melee: War axe           |    73 |    90 |    89 ||   252
         Headbutt          |     8 |    19 |    15 ||    42
 Armour: Scale mail        |    32 |    44 |    34 ||   110
  Dodge: Dodged            |    41 |    59 |    60 ||   160
  Block: Buckler           |    19 |    32 |    31 ||    82

Table legend: (Time is in decaauts)
 A = Elapsed time spent in this place.
 B = Non-inter-level travel time spent in this place.
 C = Inter-level travel time spent in this place.
 D = Time resting spent in this place.
 E = Time spent auto-exploring this place.
 F = Levels seen in this place.
 G = Mean time per level.
                   A        B        C        D        E       F      G
               +--------+--------+--------+--------+--------+-----+--------+
         Total |   3620 |   3467 |    153 |    371 |   2449 |   7 |  517.1 |
       Dungeon |   3620 |   3467 |    153 |    371 |   2449 |   7 |  517.1 |
               +--------+--------+--------+--------+--------+-----+--------+

Top non-repeatable levels by time:
     D:4: 1626 daAuts
     D:3: 703 daAuts
     D:5: 670 daAuts
     D:1: 444 daAuts
     D:6: 113 daAuts
     D:2: 50 daAuts
     D:7: 11 daAuts
